 Dungeon Crawl Stone Soup version 0.29.1-1-gd02db6906a (webtiles) character file.

Game seed: 8124501059759529174

165 Homeless the Stinger (level 5, -2/38 HPs)
             Began as a Draconian Venom Mage on Oct 19, 2022.
             Was an Initiate of Vehumet.
             Slain by Flanfartigan's ghost (6 damage)
             ... on level 3 of the Dungeon.
             The game lasted 00:15:15 (5559 turns).

Homeless the Stinger (Draconian Venom Mage)         Turns: 5559, Time: 00:15:15

Health: -2/38      AC:  8    Str:  9 (10) XL:     5   Next: 22%
Magic:  8/8        EV: 12    Int: 18      God:    Vehumet [......]
Gold:   113        SH:  5    Dex:  9      Spells: 5/8 levels left

rFire   . . .      SeeInvis .   k - +5 dagger (drain)
rCold   + . .      Faith    .   (no shield)
rNeg    . . .      Spirit   .   (body armour unavailable)
rPois   .          Reflect  +   (helmet restricted)
rElec   .          Harm     .   f - +2 cloak
rCorr   .          Rampage  .   (no gloves)
Will    .....                   (no boots)
Stlth   ++........              c - amulet of reflection
HPRegen 0.12/turn               (no ring)
MPRegen 0.11/turn               (no ring)

@: hasted, very quick
A: AC +5, unfitting armour, cold-blooded, clumsy 1, cold resistance 1,
deterioration 1
a: Renounce Religion


You were on level 3 of the Dungeon.
You worshipped Vehumet.
Vehumet was noncommittal.
You visited 1 branch of the dungeon, and saw 3 of its levels.

You collected 113 gold pieces.

Inventory:

Hand Weapons
 b - a +4 quarterstaff of chaos
 h - a +0 hammer
 k - a +5 dagger of draining (weapon)
Armour
 f - a +2 cloak (worn)
Jewellery
 c - an amulet of reflection (around neck)
 i - an amulet of regeneration
Scrolls
 g - 2 scrolls of amnesia
 j - 3 scrolls of teleportation
 l - 2 scrolls of poison
Potions
 a - a potion of magic
 d - a potion of cancellation
 e - 2 potions of curing
 o - a potion of degeneration


   Skills:
 * Level 2.7 Short Blades
 - Level 1.7 Dodging
 - Level 1.7 Stealth
 - Level 2.0 Spellcasting
 - Level 1.0 Transmutations
 * Level 5.1 Poison Magic


You had 5 spell levels left.
You knew the following spells:

 Your Spells              Type           Power      Damage    Failure   Level
a - Sting                 Tmut/Pois      48%        1d5       5%          1
b - Poisonous Vapours     Pois/Air       22%        N/A       10%         2

Your spell library contained the following spells:

 Spells                   Type           Power      Damage    Failure   Level
 Olgreb's Toxic Radiance  Pois           20%        N/A       22%         4
 Mephitic Cloud           Conj/Pois/Air  7%         N/A       26%         3
 Inner Flame              Hex/Fire       1%         N/A       47%         3
 Summon Guardian Golem    Hex/Summ       1%         N/A       47%         3
 Cause Fear               Hex            0%         N/A       87%         4
 Orb of Destruction       Conj           0%         9d5       100%        7
 Spellforged Servitor     Conj/Summ      0%         N/A       100%        7
 Discord                  Hex            0%         N/A       100%        8


Dungeon Overview and Level Annotations

Branches:
Dungeon (3/15)

Altars:
Vehumet

Annotations:
D:3 Flanfartigan's ghost, amateur HOFi


Innate Abilities, Weirdness & Mutations

Your plain brown scales are hard. (AC +5)
You cannot fit into any form of body armour.
You are cold-blooded and may be slowed by cold attacks.
You are clumsy. (Dex -2)
Your flesh is cold resistant. (rC+)
Your body sometimes deteriorates upon taking damage.


Message History

Some shallow water.
Unknown command.
Okay, then.
Okay, then.
You open the door.
Flanfartigan's ghost turns its malevolent gaze towards you.
It was a potion of haste.
You feel yourself speed up.
There is an open translucent door here.
You enter the shallow water.
Moving in this stuff is going to be slow.
You barely miss Flanfartigan's ghost.
Flanfartigan's ghost hits you but does no damage.
Your unstable footing causes you to fumble your attack.
Your unstable footing causes you to fumble your attack.
Flanfartigan's ghost hits you!
Your body deteriorates!
You feel weakened.
You barely miss Flanfartigan's ghost. You closely miss Flanfartigan's ghost.
Your punch misses Flanfartigan's ghost.
Flanfartigan's ghost whispers, "Trust me.
Just give in."
Flanfartigan's ghost barely misses you.
You hit Flanfartigan's ghost.
Flanfartigan's ghost is lightly damaged.
Flanfartigan's ghost hits you!
You hit Flanfartigan's ghost but do no damage.
Flanfartigan's ghost is lightly damaged.
Your unstable footing causes you to fumble your attack.
Flanfartigan's ghost hits you.
* * * LOW HITPOINT WARNING * * *
You hit Flanfartigan's ghost but do no damage.
Flanfartigan's ghost is lightly damaged.
Your unstable footing causes you to fumble your attack.
Flanfartigan's ghost hits you.
* * * LOW HITPOINT WARNING * * *
Your unstable footing causes you to fumble your attack.
Unknown command.
Flanfartigan's ghost attacks as you move away!
Flanfartigan's ghost hits you.
* * * LOW HITPOINT WARNING * * *
Flanfartigan's ghost hits you.
You die...

##.#######..###..........
#.................######.
#..######...####### ###.
#..# #..###########...
#..# ##................
#..# ##.................
#..# #...############.##
#..# #...# #.# #..# ##@##
#.## #..# #.W.# #... #..#
#.~.# #.## #..####.~.###
########.# #.....#.~.#.#
#........# #.#####.).#.#
#.######.# #.## #####.#
#.# #.## #..# #.# #.#
#... ##.# #.# #.# ####


You could see Flanfartigan's ghost.

Vanquished Creatures
  An orc priest (D:3)
  Crazy Yiuf (D:2)
  Jessica (D:2)
  An adder (D:2)
  A worm (D:2)
  5 orcs (D:3)
  6 ball pythons
  7 bats
  9 endoplasms
  2 giant cockroaches (D:1)
  7 goblins
  2 hobgoblins (D:3)
  7 kobolds
  3 quokkas
  3 frilled lizards
  5 rats
61 creatures vanquished.

Notes
Turn   | Place    | Note
-------+----------+-------------------------------------------
     0 | D:1      | Homeless the Draconian Venom Mage began the quest for the
                  | Orb.
     0 | D:1      | Reached XP level 1. HP: 14/14 MP: 3/3
   445 | D:1      | Reached XP level 2. HP: 20/20 MP: 3/5
  1241 | D:1      | Reached skill level 4 in Poison Magic
  1502 | D:1      | Learned a level 2 spell: Poisonous Vapours
  2129 | D:1      | Reached XP level 3. HP: 26/26 MP: 4/6
  2776 | D:2      | Reached skill level 1 in Short Blades
  3411 | D:2      | Gained mutation: You are resistant to electric shocks.
                  | (rElec) [potion of mutation]
  3412 | D:2      | Lost mutation: You are resistant to electric shocks.
                  | (rElec) [potion of mutation]
  3412 | D:2      | Gained mutation: Your flesh is cold resistant. (rC+)
                  | [potion of mutation]
  3412 | D:2      | Gained mutation: Your body sometimes deteriorates upon
                  | taking damage. [potion of mutation]
  3412 | D:2      | Gained mutation: You are clumsy. (Dex -2) [potion of
                  | mutation]
  3543 | D:2      | Noticed Jessica
  3551 | D:2      | Killed Jessica
  3552 | D:2      | Reached XP level 4. HP: 29/33 MP: 0/7
  3910 | D:2      | Found a runed translucent door.
  3911 | D:2      | Noticed Crazy Yiuf
  3937 | D:2      | Killed Crazy Yiuf
  4465 | D:3      | Found a runed translucent door.
  5230 | D:3      | Reached skill level 5 in Poison Magic
  5230 | D:3      | Reached XP level 5. HP: 38/38 MP: 4/8
  5263 | D:3      | Found a radiant altar of Vehumet.
  5346 | D:3      | Became a worshipper of Vehumet
  5542 | D:3      | Noticed Flanfartigan's ghost (amateur HOFi)
  5559 | D:3      | Slain by Flanfartigan's ghost

Illustrated notes

Levels and vault maps discovered:
D:1:      saegor_arrival_simple_c, layout_basic
D:2:      layout_rooms, chequers_decorated_corner, minivault_27,
          grunt_ministairs_14, amcnicky_mini_pool_small, columned_hall_lemuel,
          kennysheep_small_spiral, uniq_crazy_yiuf_cottage, uniq_jessica
D:3:      layout_loops_ring, lemuel_round_altar, ebering_ghost_reflecting_pool,
          hangedman_decor_slide_cut, minmay_surrounded

Skill      XL: |  1  2  3  4 |
---------------+-------------+-----
Poison Magic   | 4 5 |  5.1
Short Blades   | 1 2 |  2.7
Dodging        | |  1.7
Stealth        | |  1.7
Spellcasting   | |  2.0
Transmutations | |  1.0

Action                   |  1- 3 |  4- 6 || total
-------------------------+-------+-------++-------
Melee: Unarmed           |     3 |       ||     3
       Hand axe          |    12 |       ||    12
       Tailslap          |     6 |     2 ||     8
       Dagger            |    35 |    43 ||    78
       Punch             |       |     1 ||     1
 Cast: Sting             |    39 |    10 ||    49
       Poisonous Vapours |     7 |    10 ||    17
  Use: Scroll            |     5 |     3 ||     8
       Potion            |     6 |     1 ||     7
 Stab: Sleeping          |     1 |       ||     1
Armor: Skin              |    19 |     6 ||    25
Dodge: Dodged            |    29 |    14 ||    43
Block: Other             |    10 |     7 ||    17
